[Event "Titled Tuesday Blitz July 11 Late 2023"]
[White "Matinian, Nikita"]
[Black "Svane, Rasmus"]
[WhiteFideId "24129100"]
[BlackFideId "4657101"]
[WhiteElo "2711"]
[BlackElo "2963"]
[Result "1-0"]
[Round "8"]
[TimeControl "180+2"]
[Date "2023.07.11"]
[WhiteClock "0:00:10"]
[BlackClock "0:00:17"]
[Board "12"]

1. e4 c6 2. Nc3 d5 3. Nf3 dxe4 4. Nxe4 Nf6 5. Qe2 Nxe4 6. Qxe4 Qa5 7. b4 Qd5 8. Qe3 Bf5 9. c4 Qe4 10. d3 Qxe3+ 11. Bxe3 e6 12. Rb1 Nd7 13. Be2 a5 14. bxa5 Rxa5 15. Rxb7 Rxa2 16. Nd4 Ne5 17. O-O Ra8 18. Nxf5 exf5 19. d4 Ng6 20. Bf3 Rc8 21. Ra1 Be7 22. Raa7 Bf6 23. Rxf7 f4 24. Bd2 Bxd4 25. Rab7 Bf6 26. Bh5 Rf8 27. Bxg6 hxg6 28. Rxf8+ Kxf8 29. Bxf4 Rd8 30. Rb8 Rxb8 31. Bxb8 Ke7 32. f3 Ke6 33. Kf1 Be5 34. Ba7 Bxh2 35. Ke2 Be5 36. Kd3 Kf5 37. Bd4 g5 38. Bxe5 Kxe5 39. Ke3 c5 40. g3 Kf5 41. f4 Kg4 42. fxg5 Kxg3 43. Ke4 Kg4 44. Kd5 Kxg5 45. Kxc5 Kf6 46. Kd6 g5 47. c5 g4 48. c6 g3 49. c7 g2 50. c8=Q g1=Q 51. Qf8+ Kg6 52. Qg8+ Kf5 53. Qxg1 Ke4 54. Qg5 Kd3 55. Qc5 Ke2 56. Qc3 Kf1 57. Ke5 Kg1 58. Kf4 Kh2 59. Kg4 Kg1 60. Qd2 Kh1 61. Kg3 Kg1 62. Qd1# 1-0


[Site "https://www.chess.com"]

[Event "Titled Tuesday Blitz July 11 Late 2023"]
[White "Bolourchifard, Farzad"]
[Black "Chigaev, Maksim"]
[WhiteFideId "12510084"]
[BlackFideId "4108116"]
[WhiteElo "2687"]
[BlackElo "2962"]
[Result "1-0"]
[Round "8"]
[TimeControl "180+2"]
[Date "2023.07.11"]
[WhiteClock "0:00:06"]
[BlackClock "0:00:01"]
[Board "13"]

1. d4 Nf6 2. Nf3 g6 3. Bg5 Bg7 4. e3 O-O 5. Nbd2 d6 6. Be2 Nc6 7. O-O Qe8 8. a4 e5 9. Nc4 Nd7 10. dxe5 Ndxe5 11. Ncxe5 Nxe5 12. c3 Bd7 13. a5 a6 14. Qb3 Bb5 15. c4 Bc6 16. Nd4 Be4 17. Rfd1 h6 18. Bf4 c5 19. Nf3 Qc6 20. Bxe5 dxe5 21. Ne1 Rfd8 22. f3 Bf5 23. Rxd8+ Rxd8 24. Rd1 Rxd1 25. Qxd1 e4 26. Qd2 Qf6 27. b3 Qa1 28. Kf2 Bc3 29. Qd1 Qxa5 30. Nc2 Bd2 31. f4 h5 32. Qa1 Qd8 33. Qe5 b6 34. g3 a5 35. Qd5 Qxd5 36. cxd5 Bb4 37. Bb5 Kf8 38. d6 Be6 39. Ba4 Bc3 40. Na3 Bb4 41. Nc4 f6 42. Nxb6 c4 43. Nxc4 Bxc4 44. bxc4 Bxd6 45. h3 f5 46. g4 fxg4 47. hxg4 h4 48. Bc6 g5 49. f5 Kg7 50. Bxe4 a4 51. Bb1 a3 52. Ba2 Kf6 53. e4 Ke5 54. Kf3 Bc5 55. Kg2 Bd4 56. Kf3 Kd6 57. Bb1 Be5 58. Ke2 Kc6 59. Ba2 Kc5 60. Kf3 Kd4 61. Kg2 Kc3 62. c5 Kb2 63. Bd5 Kc3 64. c6 Kd4 65. f6 Kc5 66. f7 1-0


[Site "https://www.chess.com"]

[Event "Titled Tuesday Blitz July 11 Late 2023"]
[White "Hong, Andrew"]
[Black "Jarovinsky, Alexey"]
[WhiteFideId "2099438"]
[BlackFideId "14115131"]
[WhiteElo "3065"]
[BlackElo "2720"]
[Result "1-0"]
[Round "8"]
[TimeControl "180+2"]
[Date "2023.07.11"]
[WhiteClock "0:00:44"]
[BlackClock "0:00:00"]
[Board "14"]

1. e4 Nc6 2. Nf3 d6 3. d4 Nf6 4. Nc3 Bg4 5. d5 Ne5 6. Be2 Nxf3+ 7. Bxf3 Bxf3 8. Qxf3 g6 9. O-O Bg7 10. Rd1 O-O 11. Bf4 e5 12. dxe6 fxe6 13. Qe2 Nh5 14. Be3 Nf4 15. Qg4 Bxc3 16. Bxf4 Bxb2 17. Qxe6+ Kg7 18. Rab1 Rxf4 19. Rxb2 Qh4 20. g3 Qh5 21. Rd5 Rf6 22. Qe7+ Rf7 23. Qxf7+ Kxf7 24. Rxh5 gxh5 25. Rxb7 Rc8 26. Rxa7 Ke6 27. Ra5 c5 28. Ra7 Ke5 29. f3 Kd4 30. Ra3 h4 31. Kf2 hxg3+ 32. hxg3 h5 33. Rd3+ Kc4 34. f4 Rh8 35. Rxd6 Kc3 36. Rc6 c4 37. e5 Ra8 38. e6 Rxa2 39. e7 Ra8 40. f5 1-0


[Site "https://www.chess.com"]

[Event "Titled Tuesday Blitz July 11 Late 2023"]
[White "Jaracz, Pawel"]
[Black "He, Anthony"]
[WhiteFideId "1102222"]
[BlackFideId "2088215"]
[WhiteElo "2719"]
[BlackElo "2976"]
[Result "0-1"]
[Round "8"]
[TimeControl "180+2"]
[Date "2023.07.11"]
[WhiteClock "0:00:20"]
[BlackClock "0:00:49"]
[Board "15"]

1. e4 c6 2. d4 d5 3. e5 Bf5 4. c4 e6 5. Nc3 Ne7 6. a3 Nd7 7. cxd5 cxd5 8. Bd3 Qb6 9. Nge2 Rc8 10. O-O Bxd3 11. Qxd3 Nc6 12. b4 Be7 13. Be3 a6 14. f4 g6 15. g4 f5 16. exf6 Bxf6 17. f5 Ne7 18. g5 Nxf5 19. gxf6 Nxf6 20. Bf4 O-O 21. h3 Rc4 22. Rad1 Rfc8 23. Kh1 Qc6 24. Bg5 Ne4 25. Nxe4 dxe4 26. d5 exd3 27. dxc6 dxe2 0-1


[Site "https://www.chess.com"]

[Event "Titled Tuesday Blitz July 11 Late 2023"]
[White "Maghsoodloo, Parham"]
[Black "Shuvalova, Polina"]
[WhiteFideId "12539929"]
[BlackFideId "24171760"]
[WhiteElo "2968"]
[BlackElo "2674"]
[Result "1-0"]
[Round "8"]
[TimeControl "180+2"]
[Date "2023.07.11"]
[WhiteClock "0:01:43"]
[BlackClock "0:00:11"]
[Board "16"]

1. e4 c6 2. d4 d5 3. f3 g6 4. Nc3 Bg7 5. Be3 Qb6 6. Qd2 Qxb2 7. Rb1 Qa3 8. exd5 Nf6 9. dxc6 bxc6 10. Bc4 O-O 11. Nge2 Nbd7 12. Rb3 Qa5 13. Ne4 Qxd2+ 14. Bxd2 Nb6 15. Bd3 Be6 16. Rc3 Bxa2 17. Rxc6 Bd5 18. Rc5 Rfc8 19. Bb4 Nfd7 20. Rxc8+ Rxc8 21. Bxe7 Re8 22. Bb4 f5 23. Nd6 Re6 24. Nb5 Bc4 25. Kd2 a6 26. Nbc3 Bh6+ 27. f4 Nf6 28. Rb1 Bxd3 29. Kxd3 Nbd5 30. Nxd5 Nxd5 31. Bd2 Bg7 32. c4 Ne7 33. d5 Re4 34. Rb8+ Kf7 35. Rb7 Kf8 36. Be3 Bf6 37. Ng3 1-0


[Site "https://www.chess.com"]

[Event "Titled Tuesday Blitz July 11 Late 2023"]
[White "Sviridov, Valery"]
[Black "Omelja, Artem"]
[WhiteFideId "4120680"]
[BlackFideId "14119846"]
[WhiteElo "2960"]
[BlackElo "2657"]
[Result "1-0"]
[Round "8"]
[TimeControl "180+2"]
[Date "2023.07.11"]
[WhiteClock "0:01:56"]
[BlackClock "0:00:00"]
[Board "17"]

1. d4 d5 2. Nc3 Nf6 3. Bf4 a6 4. e3 Bf5 5. Nf3 e6 6. Ne5 h6 7. Bd3 Bxd3 8. cxd3 Nbd7 9. Qb3 Nb6 10. h3 Bd6 11. Rc1 O-O 12. O-O Rb8 13. e4 dxe4 14. dxe4 Bxe5 15. Bxe5 Nbd7 16. Bg3 Ne8 17. Rfd1 Nd6 18. Qa3 Nc4 19. Qb4 b5 20. Ne2 Nf6 21. b3 a5 22. Qe1 Nb6 23. Bxc7 Qd7 24. Bxb8 Rxb8 25. Ng3 a4 26. Qb4 axb3 27. axb3 Nc8 28. Rc5 Na7 29. Rdc1 Qd6 30. Rc8+ Nxc8 31. Rxc8+ 1-0


[Site "https://www.chess.com"]

[Event "Titled Tuesday Blitz July 11 Late 2023"]
[White "benny_aizenberg"]
[Black "Makarian, Rudik"]
[BlackFideId "44105681"]
[WhiteElo "2654"]
[BlackElo "2946"]
[Result "0-1"]
[Round "8"]
[TimeControl "180+2"]
[Date "2023.07.11"]
[WhiteClock "0:00:00"]
[BlackClock "0:01:02"]
[Board "18"]

1. f4 d5 2. Nf3 Bg4 3. d3 Bxf3 4. gxf3 d4 5. c3 c5 6. Nd2 Nc6 7. Ne4 e6 8. h4 Nf6 9. Qb3 Qd7 10. Nxf6+ gxf6 11. Bd2 f5 12. O-O-O Bg7 13. c4 Bf6 14. h5 Ke7 15. Bh3 b6 16. Rdg1 Rhg8 17. Qd1 a6 18. Rxg8 Rxg8 19. Rg1 Rb8 20. Qc2 Qd6 21. Kb1 Kd7 22. Qa4 Ra8 23. a3 Kc7 24. b4 Kb7 25. bxc5 Qxc5 26. Ka2 Ka7 27. Qb3 Qd6 28. Rb1 Rb8 29. a4 Be7 30. e4 dxe3 31. Bxe3 Nb4+ 32. Kb2 Bf6+ 33. Kc1 a5 34. Bf1 Bd4 35. Bd2 Bc5 36. Bxb4 Bxb4 37. Kc2 Qxf4 38. Qb2 Qxf3 0-1


[Site "https://www.chess.com"]

[Event "Titled Tuesday Blitz July 11 Late 2023"]
[White "Keymer, Vincent"]
[Black "Rostomyan, Mikayel"]
[WhiteFideId "12940690"]
[BlackFideId "13313754"]
[WhiteElo "2928"]
[BlackElo "2645"]
[Result "1-0"]
[Round "8"]
[TimeControl "180+2"]
[Date "2023.07.11"]
[WhiteClock "0:00:05"]
[BlackClock "0:00:06"]
[Board "19"]

1. a3 h6 2. c4 Nf6 3. Nf3 d6 4. d4 Bg4 5. Qb3 Qc8 6. g3 Nc6 7. Nbd2 e5 8. d5 Ne7 9. h3 Bd7 10. e4 Ng6 11. Qc3 a5 12. c5 c6 13. Nc4 Nxe4 14. Qc2 cxd5 15. Nb6 Qd8 16. Nxa8 dxc5 17. Qb3 Qxa8 18. Qxd5 Bc6 19. Qd1 b6 20. Bg2 Be7 21. O-O O-O 22. Qe2 f5 23. Nd2 Nc3 24. Qc4+ Nd5 25. Qc2 b5 26. a4 Nb4 27. Bxc6 Qxc6 28. Qb3+ c4 29. axb5 Qxb5 30. Qxc4+ Qxc4 31. Nxc4 Nd3 32. Rxa5 e4 33. Be3 f4 34. gxf4 Ngxf4 35. Kh2 Bg5 36. Rg1 Ne6 37. Rg2 Bxe3 38. fxe3 Ng5 39. h4 Nf3+ 40. Kh3 Nde1 41. Rg6 Nd3 42. Ra7 Rf7 43. Rxf7 Kxf7 44. Ra6 g5 45. hxg5 hxg5 46. Kg4 Nf2+ 47. Kf5 g4 48. Ne5+ Ke8 49. Nxg4 Nh4+ 50. Kg5 Nf3+ 51. Kh5 Nd3 52. Nf6+ Kd8 53. Nxe4 Nfe5 54. Kg5 Nc4 55. b3 Nxe3 56. Kf6 Kc7 57. Re6 Nd5+ 58. Kf5 N5b4 59. Rh6 Nc6 60. Nd2 Ndb4 61. Ke4 Kb6 62. Nf3 Kb5 63. Nd4+ Nxd4 64. Kxd4 Nc6+ 65. Kc3 Na5 66. Rh5+ Kb6 67. Rxa5 Kxa5 68. Kc4 Kb6 69. Kb4 1-0


[Site "https://www.chess.com"]

[Event "Titled Tuesday Blitz July 11 Late 2023"]
[White "Grigoriants, Sergey"]
[Black "Bjelobrk, Igor"]
[WhiteFideId "4130804"]
[BlackFideId "4300726"]
[WhiteElo "2925"]
[BlackElo "2645"]
[Result "1-0"]
[Round "8"]
[TimeControl "180+2"]
[Date "2023.07.11"]
[WhiteClock "0:00:09"]
[BlackClock "0:00:01"]
[Board "20"]

1. d4 e6 2. c4 b6 3. a3 Bb7 4. Nc3 f5 5. d5 Nf6 6. g3 Na6 7. Bg2 Nc5 8. Qc2 Bd6 9. Nh3 O-O 10. O-O Be5 11. Nf4 Qe7 12. Bd2 Rae8 13. Rad1 Nce4 14. Nxe4 fxe4 15. Bxe4 Nxe4 16. Qxe4 Bxf4 17. Bxf4 exd5 18. Qxe7 Rxe7 19. Rfe1 d6 20. cxd5 Rfe8 21. e3 Bc8 22. f3 h6 23. h4 Kf7 24. e4 Kf6 25. Bd2 g5 26. hxg5+ hxg5 27. Bc3+ Kg6 28. g4 Rh7 29. Kg2 Ba6 30. Rh1 Ree7 31. Rxh7 Rxh7 32. Bd4 Bb5 33. Rc1 a5 34. Bf2 a4 35. Rc3 Be8 36. Bg3 Rg7 37. e5 dxe5 38. Bxe5 Rd7 39. Rc6+ Kf7 40. Rxc7 Rxc7 41. Bxc7 b5 42. Kf2 Bd7 43. Ke3 Kf6 44. Bd8+ Kg6 45. Ke4 Bc8 46. Ke5 Bb7 47. Be7 Ba8 48. Kd4 Bb7 49. Kc5 Bc8 50. Kxb5 Bd7+ 51. Kb4 Be8 52. b3 axb3 53. Kxb3 Bd7 54. a4 Bc8 55. a5 Ba6 56. d6 Kf7 57. Bxg5 Ke6 58. Bf4 Be2 59. g5 Bxf3 60. a6 Kf5 61. d7 1-0


[Site "https://www.chess.com"]

[Event "Titled Tuesday Blitz July 11 Late 2023"]
[White "Ibarra Jerez, Jose Carlos"]
[Black "Weishaeutel, Moritz"]
[WhiteFideId "2226332"]
[BlackFideId "12967300"]
[WhiteElo "2921"]
[BlackElo "2645"]
[Result "1-0"]
[Round "8"]
[TimeControl "180+2"]
[Date "2023.07.11"]
[WhiteClock "0:00:27"]
[BlackClock "0:00:02"]
[Board "21"]

1. e4 e5 2. Nf3 Nf6 3. Nc3 Nc6 4. h3 d5 5. exd5 Nxd5 6. Bb5 Nxc3 7. bxc3 Bd6 8. O-O O-O 9. d4 exd4 10. cxd4 h6 11. c4 Bf5 12. Bb2 Nb4 13. c5 Be7 14. Qb3 Nd5 15. Bc4 Nf4 16. Rfe1 Bf6 17. Rad1 Qd7 18. d5 Bxh3 19. Bxf6 Qg4 20. Nh4 gxf6 21. Qg3 Qxg3 22. fxg3 Bg4 23. Rd4 Rfe8 24. Rxe8+ Rxe8 25. Rxf4 Be2 26. Bb3 Re3 27. Nf5 Rc3 28. Nxh6+ Kf8 29. c6 bxc6 30. dxc6 Rxc6 31. Nxf7 a5 32. Ng5 Rc1+ 33. Kh2 Ke7 34. Re4+ Kd7 35. Rxe2 fxg5 36. Re5 a4 37. Bxa4+ Kd6 38. Rxg5 Rc4 39. Bb3 Rb4 40. Rg6+ Ke7 41. g4 c5 42. Rc6 Rxg4 43. Rxc5 1-0


[Site "https://www.chess.com"]

[Event "Titled Tuesday Blitz July 11 Late 2023"]
[White "Durarbayli, Vasif"]
[Black "Chen, Max"]
[WhiteFideId "13402935"]
[BlackFideId "2622440"]
[WhiteElo "2917"]
[BlackElo "2595"]
[Result "1-0"]
[Round "8"]
[TimeControl "180+2"]
[Date "2023.07.11"]
[WhiteClock "0:00:44"]
[BlackClock "0:00:09"]
[Board "22"]

1. e4 c6 2. d4 d5 3. exd5 cxd5 4. c4 Nf6 5. Nc3 g6 6. Qb3 Bg7 7. cxd5 O-O 8. Be2 Nbd7 9. Nh3 Nb6 10. Nf4 Bf5 11. O-O Rc8 12. a4 a5 13. Re1 Qd6 14. h3 Qb4 15. Qa2 Rfd8 16. Bd2 Qxd4 17. Rad1 Bc2 18. Be3 Qb4 19. Rd4 Qd6 20. Rd2 Rxc3 21. bxc3 Bxa4 22. Bxb6 Qxb6 23. Qxa4 e5 24. dxe6 Rxd2 25. exf7+ Kxf7 26. Bc4+ Kf8 27. Ne6+ Kg8 28. Ng5+ Kf8 29. Qe8+ Nxe8 30. Nxh7# 1-0


[Site "https://www.chess.com"]

[Event "Titled Tuesday Blitz July 11 Late 2023"]
[White "Fiorito, Francisco"]
[Black "Gordievsky, Dmitry"]
[WhiteFideId "180165"]
[BlackFideId "24112798"]
[WhiteElo "2591"]
[BlackElo "2908"]
[Result "0-1"]
[Round "8"]
[TimeControl "180+2"]
[Date "2023.07.11"]
[WhiteClock "0:00:01"]
[BlackClock "0:00:22"]
[Board "23"]

1. Nf3 c5 2. b3 Nf6 3. Bb2 g6 4. e3 Bg7 5. c4 O-O 6. Qc2 b6 7. Nc3 Bb7 8. Be2 Nc6 9. a3 e6 10. O-O d5 11. cxd5 exd5 12. d4 cxd4 13. exd4 Ne4 14. Rad1 Re8 15. Rfe1 Rc8 16. Bb5 a6 17. Bxc6 Rxc6 18. Qd3 Rce6 19. h3 h6 20. Ne5 g5 21. Qc2 f6 22. Nf3 Qc8 23. Qd3 h5 24. Rc1 Qd7 25. Qf1 g4 26. hxg4 hxg4 27. Nh4 Nd2 28. Rxe6 Nxf1 29. Rxe8+ Qxe8 30. Rxf1 Qe6 31. g3 Bh6 32. Bc1 Bxc1 33. Rxc1 Bc6 34. Ng2 a5 35. Re1 Qf5 36. a4 Qc2 37. Re3 Qxb3 38. Nf4 Bxa4 39. Ncxd5 Qd1+ 40. Kg2 Bc6 41. Re7 Bxd5+ 42. Nxd5 Qf3+ 43. Kg1 Qxd5 44. Rd7 Qxd7 0-1


[Site "https://www.chess.com"]

[Event "Titled Tuesday Blitz July 11 Late 2023"]
[White "Pinheiro, Iung Alicio de O."]
[Black "Rustemov, Alexander"]
[WhiteFideId "2104350"]
[BlackFideId "4119002"]
[WhiteElo "2589"]
[BlackElo "2906"]
[Result "1-0"]
[Round "8"]
[TimeControl "180+2"]
[Date "2023.07.11"]
[WhiteClock "0:00:14"]
[BlackClock "0:00:00"]
[Board "24"]

1. d4 d5 2. c4 c6 3. Nc3 Nf6 4. cxd5 cxd5 5. Bf4 Nc6 6. e3 a6 7. Rc1 Bf5 8. Nf3 Rc8 9. Be2 e6 10. Qb3 Bb4 11. O-O O-O 12. Na4 Ne4 13. Rxc6 Rxc6 14. Qxb4 g5 15. Be5 f6 16. Bg3 Rf7 17. Nc5 Qe7 18. Nd3 Rc2 19. Qxe7 Rxe7 20. Bd1 Rc8 21. Be2 a5 22. Rb1 b6 23. Nfe1 Kf7 24. f3 Nd2 25. Rd1 Nc4 26. Bf2 Rec7 27. b3 Na3 28. g4 Bg6 29. Bg3 Rc3 30. Kf2 h5 31. h4 hxg4 32. fxg4 gxh4 33. Bxh4 Nc2 34. Nf4 Be4 35. Nxc2 Rxc2 36. g5 fxg5 37. Bxg5 Rxa2 38. Kg3 Rc3 39. Kf2 Rxb3 40. Rg1 Rbb2 41. Bh4 Bd3 42. Nxd3 Rxe2+ 43. Kf3 Kf8 44. Ne5 Rh2 45. Bg3 Rh7 46. Rc1 Kg7 47. Rc7+ Kg8 48. Rc8+ Kg7 49. Re8 Rh6 50. Bf4 Rf6 51. Ng4 Rg6 52. Re7+ Kf8 53. Rb7 Rb2 54. Bd6+ Kg8 55. Be5 Kf8 56. Nf6 Rxf6+ 57. Bxf6 a4 58. Kf4 b5 59. Ke5 Kg8 60. Kxe6 b4 61. Rb8+ Kh7 62. Kf7 1-0


[Site "https://www.chess.com"]

[Event "Titled Tuesday Blitz July 11 Late 2023"]
[White "Przybylski, Wojciech"]
[Black "Warmerdam, Max"]
[WhiteFideId "1117599"]
[BlackFideId "1048104"]
[WhiteElo "2582"]
[BlackElo "2809"]
[Result "0-1"]
[Round "8"]
[TimeControl "180+2"]
[Date "2023.07.11"]
[WhiteClock "0:00:00"]
[BlackClock "0:00:58"]
[Board "25"]

1. e4 c6 2. Nc3 d5 3. Nf3 dxe4 4. Nxe4 Nf6 5. Nc3 Bf5 6. g3 e6 7. Bg2 Nbd7 8. O-O Be7 9. d4 O-O 10. a4 a5 11. h3 h6 12. Re1 Qb6 13. Ne2 Rfd8 14. c3 c5 15. Ra3 cxd4 16. Rb3 Qa7 17. Nfxd4 Nc5 18. Rb5 Bd3 19. Rxc5 Bxe2 20. Qxe2 Bxc5 21. Nb5 Qb6 22. Bf4 Rd7 23. Be5 Rad8 24. Nd4 Bxd4 25. Bxd4 Rxd4 26. cxd4 Rxd4 27. Rc1 Qb3 28. Qb5 Qxb5 29. axb5 b6 30. Rc8+ Kh7 31. Rb8 Rd1+ 32. Kh2 Rd2 33. Rxb6 Rxf2 34. Rb8 Rxb2 35. b6 Nd7 36. Rb7 Nxb6 37. Rxf7 a4 38. Ra7 Kg6 39. g4 Nc4 40. Kg3 a3 41. Bf1 Rb3+ 42. Kf4 Ne3 43. Be2 Kf6 44. Bf3 g5+ 45. Ke4 Nd5 46. Bg2 Nf4 47. Bf1 Nxh3 48. Bc4 Rb4 49. Kd4 Nf2 50. Rxa3 Nxg4 51. Kc5 Rb8 52. Rf3+ Ke7 53. Ra3 Rc8+ 54. Kd4 e5+ 55. Kd3 Nf2+ 56. Ke3 Rxc4 57. Kxf2 h5 58. Ra6 Kf7 59. Kf3 h4 60. Rh6 g4+ 61. Ke3 h3 62. Kf2 Rc3 63. Kg1 e4 64. Kh2 Rc2+ 65. Kg3 Rg2+ 66. Kf4 h2 67. Kxe4 g3 68. Kf3 Rg1 69. Rh7+ Kg6 70. Rh8 h1=Q+ 71. Rxh1 Rxh1 72. Kg2 Rb1 73. Kxg3 Rb3+ 0-1


[Site "https://www.chess.com"]

[Event "Titled Tuesday Blitz July 11 Late 2023"]
[White "Svane, Frederik"]
[Black "Francisco Guecamburu, Candela Be"]
[WhiteFideId "12923044"]
[BlackFideId "160911"]
[WhiteElo "2805"]
[BlackElo "2567"]
[Result "1-0"]
[Round "8"]
[TimeControl "180+2"]
[Date "2023.07.11"]
[WhiteClock "0:00:03"]
[BlackClock "0:00:02"]
[Board "26"]

1. c4 c5 2. Nc3 Nc6 3. Nf3 g6 4. e3 Bg7 5. d4 cxd4 6. exd4 d6 7. d5 Nb8 8. Be2 Nf6 9. O-O O-O 10. h3 a5 11. Be3 Na6 12. Rc1 Nc5 13. Re1 Bd7 14. Nd4 Re8 15. Bf3 a4 16. g4 h6 17. Qd2 Kh7 18. Nde2 Qa5 19. Ng3 b5 20. cxb5 Bxb5 21. Bxc5 dxc5 22. Qe3 Nd7 23. Qf4 Kg8 24. d6 exd6 25. Bxa8 Rxa8 26. Qxd6 Ra6 27. Qd5 Bc6 28. Qd6 Nf8 29. Nd5 Bd4 30. Ne7+ Kg7 31. Nxc6 Qd2 32. Kh1 Qxf2 33. Rf1 Qd2 34. Rxf7+ Kxf7 35. Rf1+ Bf2 36. Qxd2 Rxc6 37. Rxf2+ 1-0


[Site "https://www.chess.com"]

[Event "Titled Tuesday Blitz July 11 Late 2023"]
[White "Yelisieiev, Yevhenii"]
[Black "Zemlyanskii, Ivan"]
[WhiteFideId "14139642"]
[BlackFideId "24249971"]
[WhiteElo "2553"]
[BlackElo "2803"]
[Result "0-1"]
[Round "8"]
[TimeControl "180+2"]
[Date "2023.07.11"]
[WhiteClock "0:00:05"]
[BlackClock "0:00:10"]
[Board "27"]

1. d4 d5 2. Nf3 Nf6 3. c4 c6 4. Nc3 dxc4 5. a4 Bf5 6. e3 e6 7. Bxc4 Nbd7 8. O-O Bb4 9. Qe2 O-O 10. e4 Bg6 11. e5 Nd5 12. Ne4 a5 13. Rd1 Be7 14. Bd2 N7b6 15. Bd3 Nb4 16. Bb1 Qd5 17. Bg5 Bxg5 18. Nfxg5 h6 19. Nf3 Bh5 20. Nd6 f5 21. Nxb7 Nd7 22. Bd3 Nxd3 23. Rxd3 Rfb8 24. Nd6 Rb4 25. b3 Rab8 26. Nc4 Rxb3 27. Ne3 Qe4 28. Rxb3 Rxb3 29. Qd1 Rd3 30. Qc2 Bxf3 31. gxf3 Qxd4 32. Qa2 Kh7 33. Qxe6 Qxa1+ 34. Kg2 Qxe5 35. Qf7 Qf6 36. Qc4 Ne5 37. Qf4 Qg5+ 38. Qxg5 hxg5 39. Nxf5 Nxf3 40. Ne3 Nh4+ 41. Kg3 Nf5+ 42. Kg4 Nxe3+ 43. fxe3 Rxe3 44. Kxg5 Ra3 0-1


[Site "https://www.chess.com"]

[Event "Titled Tuesday Blitz July 11 Late 2023"]
[White "Chor, Kevin"]
[Black "Bartel, Mateusz"]
[WhiteFideId "2090740"]
[BlackFideId "1112635"]
[WhiteElo "2549"]
[BlackElo "2791"]
[Result "0-1"]
[Round "8"]
[TimeControl "180+2"]
[Date "2023.07.11"]
[WhiteClock "0:00:03"]
[BlackClock "0:00:08"]
[Board "28"]

1. e4 c5 2. Nf3 Nc6 3. d4 cxd4 4. Nxd4 e5 5. Nb5 d6 6. N1c3 a6 7. Na3 Be7 8. Nc4 f5 9. exf5 Bxf5 10. Ne3 Be6 11. Ncd5 Nf6 12. Bc4 Nxd5 13. Nxd5 O-O 14. O-O Bg5 15. Bxg5 Qxg5 16. Nb6 Bxc4 17. Nxc4 Rad8 18. Qd5+ Kh8 19. Rad1 Nd4 20. Qxb7 d5 21. Ne3 Rd6 22. Kh1 Ne2 23. Rxd5 Rh6 24. g3 Qh5 25. h4 Qf3+ 26. Kh2 Rxh4+ 27. gxh4 Qf4+ 28. Kh3 Qf3+ 29. Kh2 Nf4 30. Rd7 Qh3+ 31. Kg1 Ne2# 0-1


[Site "https://www.chess.com"]

[Event "Titled Tuesday Blitz July 11 Late 2023"]
[White "Hajiyev, Kanan"]
[Black "Tristan, Leonardo"]
[WhiteFideId "13404148"]
[BlackFideId "113816"]
[WhiteElo "2548"]
[BlackElo "2785"]
[Result "1/2-1/2"]
[Round "8"]
[TimeControl "180+2"]
[Date "2023.07.11"]
[WhiteClock "0:00:11"]
[BlackClock "0:00:02"]
[Board "29"]

1. d4 d5 2. c4 e6 3. cxd5 exd5 4. Nc3 a6 5. Qc2 Nf6 6. Bg5 Be6 7. Nf3 Nbd7 8. Ne5 h6 9. Bh4 Be7 10. e3 Nxe5 11. dxe5 Ng8 12. Bg3 h5 13. f4 h4 14. Bf2 Nh6 15. Bd3 g6 16. O-O-O c6 17. Kb1 Ng4 18. Bg1 h3 19. gxh3 Rxh3 20. Bxg6 fxg6 21. Qxg6+ Kd7 22. f5 Qg8 23. fxe6+ Qxe6 24. Qxe6+ Kxe6 25. e4 dxe4 26. Nxe4 Rah8 27. Bc5 Rxh2 28. Rxh2 Rxh2 29. Bxe7 Kxe7 30. Nc5 Nxe5 31. Re1 Kf6 32. Nxb7 Nd3 33. Rf1+ Ke5 34. b3 Nb4 35. a3 Nd5 36. Nc5 Nc3+ 37. Kc1 Ra2 38. Re1+ Kd4 39. Ne6+ Kd5 40. Nf4+ Kd6 41. Nd3 Rxa3 42. Kb2 Nb5 43. Rd1 c5 44. Nb4+ Kc7 45. Nd5+ Kc6 46. Ne3 a5 47. Nc4 Ra2+ 48. Kxa2 Nc3+ 49. Ka3 Nxd1 50. Nxa5+ Kb5 51. Nc4 Nc3 52. Kb2 Nd5 53. Nd6+ Kc6 54. Ne4 Nb4 55. Kc3 Nd5+ 56. Kc4 Nb6+ 57. Kc3 Kb5 58. Nd6+ Kc6 59. Nc4 Nd5+ 60. Kd3 Kb5 61. Kc2 Kb4 62. Kb2 Nf4 63. Ne5 Ne6 64. Nd3+ Kb5 65. Kc3 Nd4 66. Nxc5 Kxc5 67. b4+ Kd5 68. b5 Kc5 69. b6 Nc6 70. b7 Nb8 71. Kd3 Kb5 72. Ke4 Ka5 73. Kf5 Kb6 74. Ke6 Kc7 75. Ke7 Kxb7 1/2-1/2


[Site "https://www.chess.com"]

[Event "Titled Tuesday Blitz July 11 Late 2023"]
[White "Trifan, Andrei Ioan"]
[Black "Leitao, Rafael"]
[WhiteFideId "12967068"]
[BlackFideId "2101246"]
[WhiteElo "2532"]
[BlackElo "2756"]
[Result "0-1"]
[Round "8"]
[TimeControl "180+2"]
[Date "2023.07.11"]
[WhiteClock "0:01:19"]
[BlackClock "0:00:54"]
[Board "30"]

1. e4 e5 2. Nf3 Nc6 3. Bc4 Nf6 4. d3 Be7 5. a4 a5 6. Nc3 d6 7. h3 Be6 8. Bxe6 fxe6 9. Be3 Qd7 10. d4 exd4 11. Nxd4 O-O 12. Qe2 Rf7 13. O-O-O Nxd4 14. Bxd4 Qc6 15. Rhe1 Nd7 16. Kb1 Raf8 17. Qb5 Qxb5 18. Nxb5 Bd8 19. c4 Nb8 20. c5 d5 21. exd5 exd5 22. Be3 c6 23. Nd6 Rd7 24. Nc4 dxc4 0-1


[Site "https://www.chess.com"]

[Event "Titled Tuesday Blitz July 11 Late 2023"]
[White "Todorovic, Bojan"]
[Black "Fantastic_Power"]
[WhiteFideId "917087"]
[WhiteElo "2418"]
[BlackElo "2746"]
[Result "1-0"]
[Round "8"]
[TimeControl "180+2"]
[Date "2023.07.11"]
[WhiteClock "0:01:33"]
[BlackClock "0:01:02"]
[Board "31"]

1. d4 Nf6 2. c4 Nc6 3. Nf3 e6 4. g3 Bb4+ 5. Nbd2 O-O 6. Bg2 d6 7. a3 Bxd2+ 8. Bxd2 Qe7 9. b4 e5 10. d5 Nb8 11. Bc3 Ne4 12. Bb2 f5 13. O-O Nd7 14. Nd2 Ndf6 15. f3 Ng5 16. e3 f4 17. exf4 exf4 18. Re1 Qf7 19. h4 fxg3 20. hxg5 Qh5 21. Nf1 Qxg5 22. Qd2 Qh4 23. Bxf6 gxf6 24. Re4 Qh5 25. Rae1 Qg6 26. Re7 h5 27. Qf4 Rf7 28. Qxg3 Qxg3 29. Nxg3 h4 30. Nh5 Bf5 31. Kh2 Raf8 32. Bh3 1-0


[Site "https://www.chess.com"]

[Event "Titled Tuesday Blitz July 11 Late 2023"]
[White "Kaplan, Avi Harrison"]
[Black "Haydon, David L"]
[WhiteFideId "30934559"]
[BlackFideId "415405"]
[WhiteElo "2472"]
[BlackElo "2726"]
[Result "1-0"]
[Round "8"]
[TimeControl "180+2"]
[Date "2023.07.11"]
[WhiteClock "0:00:12"]
[BlackClock "0:00:00"]
[Board "32"]

1. Nf3 c6 2. b3 d5 3. Bb2 Nf6 4. g3 Bg4 5. Bg2 Bxf3 6. Bxf3 e6 7. O-O Bd6 8. d3 Nbd7 9. Nd2 Qe7 10. e4 O-O 11. Qe2 dxe4 12. Nxe4 Nxe4 13. Bxe4 Rae8 14. Bg2 f5 15. Rfe1 e5 16. c4 Qf7 17. Rad1 Bb4 18. Rf1 Bc5 19. Qd2 Nf6 20. d4 Rd8 21. d5 e4 22. Qg5 Ng4 23. h3 h6 24. Qf4 Bd6 25. Qc1 Ne5 26. dxc6 Nxc6 27. Qe3 Rfe8 28. Qe2 Be5 29. Rxd8 Rxd8 30. Bxe5 Nxe5 31. Rd1 Qe7 32. f3 Qc5+ 33. Kh2 Rxd1 34. Qxd1 exf3 35. Bxf3 Qf2+ 36. Bg2 Kh7 37. Qh5 b6 38. Qd1 a5 39. Qf1 1-0


[Site "https://www.chess.com"]